SAA
BETHESDA ATOMS @ MINNESOTA LOONS
08/22/2027
 
TOP OF THE 1ST
Bethesda Atoms batting - Pitching for Minnesota Loons : RHP Ramón Martínez
Pitching: RHP Ramón Martínez
Batting: RHB Marc Beck 0-0: Bunt for hit - play at first, batter OUT! 1-3
Batting: LHB Jorge Ortíz 0-0: Ball
1-0: Ball
2-0: Called Strike
2-1: Ball
3-1: Foul Ball, location: 2F
3-2: Ground out 4-3 (Groundball, 4)
Batting: RHB Enrique Ibarra 0-0: Ball
1-0: Ball
2-0: Fly out, F3 (Line Drive, 34)
Top of the 1st over - 0 run(s), 0 hit(s), 0 error(s), 0 left on base; Bethesda 0 - Minnesota 0
BOTTOM OF THE 1ST
Minnesota Loons batting - Pitching for Bethesda Atoms : LHP Mike Foltynewicz
Pitching: LHP Mike Foltynewicz
Batting: LHB Alfredo Arévalo 0-0: Ball
1-0: Fly out, F9 (Flyball, 89D)
Batting: LHB Juan Aranda 0-0: Fly out, F4 (Line Drive, 4)
Batting: SHB Lowell Moon 0-0: Ball
1-0: Ground out 6-3 (Groundball, 56)
Bottom of the 1st over - 0 run(s), 0 hit(s), 0 error(s), 0 left on base; Bethesda 0 - Minnesota 0
TOP OF THE 2ND
Bethesda Atoms batting - Pitching for Minnesota Loons : RHP Ramón Martínez
Batting: LHB Pedro Corona 0-0: Foul Ball, location: 2F
0-1: Ball
1-1: Swinging Strike
1-2: Foul Ball, location: 2F
1-2: Foul Ball, location: 2F
1-2: Foul Ball, location: 2F
1-2: Ball
2-2: Ground out 6-3 (Groundball, 6)
Batting: RHB Raúl Javier Jr. 0-0: Foul Ball, location: 2F
0-1: Called Strike
0-2: Fly out, F6 (Line Drive, 6M)
Batting: LHB Diego Rosas 0-0: Ball
1-0: Ball
2-0: Ball
3-0: Foul Ball, location: 2F
3-1: Called Strike
3-2: Strikes out looking
Top of the 2nd over - 0 run(s), 0 hit(s), 0 error(s), 0 left on base; Bethesda 0 - Minnesota 0
BOTTOM OF THE 2ND
Minnesota Loons batting - Pitching for Bethesda Atoms : LHP Mike Foltynewicz
Batting: RHB Salvador Esparza 0-0: Ball
1-0: Foul Ball, location: 2F
1-1: Ball
2-1: Called Strike
2-2: Foul Ball, location: 2F
2-2: Ball
3-2: Strikes out swinging
Batting: RHB Isuru Tanaka 0-0: Called Strike
0-1: Ball
1-1: Ball
2-1: Foul Ball, location: 2F
2-2: Strikes out swinging
Batting: RHB Jing-sheng Joo 0-0: Called Strike
0-1: Reached on error, E2 (Groundball, 15S)
Batting: RHB Jorge Arreola Balk!
Jing-sheng Joo to third
0-0: Ground out 5-3 (Groundball, 56S)
Bottom of the 2nd over - 0 run(s), 0 hit(s), 1 error(s), 1 left on base; Bethesda 0 - Minnesota 0
TOP OF THE 3RD
Bethesda Atoms batting - Pitching for Minnesota Loons : RHP Ramón Martínez
Batting: RHB José Leyva 0-0: Ball
1-0: Foul Ball, location: 2F
1-1: Fly out, F7 (Line Drive, 78M)
Batting: LHB Dave Smerdon 0-0: SINGLE (Line Drive, 4MD)
Batting: RHB Juan Camacho 0-0: Called Strike
0-1: Fielders Choice at 2nd, 6-4 (Groundball, 56D)
Batting: RHB Marc Beck 0-0: Ball
1-0: Ball
2-0: Ball
3-0: Called Strike
3-1: Fly out, F9 (Flyball, 9LSF)
Top of the 3rd over - 0 run(s), 1 hit(s), 0 error(s), 1 left on base; Bethesda 0 - Minnesota 0
BOTTOM OF THE 3RD
Minnesota Loons batting - Pitching for Bethesda Atoms : LHP Mike Foltynewicz
Batting: RHB Juan Martínez 0-0: Ball
1-0: Called Strike
1-1: Foul Ball, location: 2F
1-2: Strikes out swinging
Batting: RHB Randolph Descoteaux 0-0: Ball
1-0: Ball
2-0: Ball
3-0: Base on Balls
Batting: LHB Alfredo Arévalo 0-0: Ball
1-0: Called Strike
1-1: Ball
2-1: Fly out, F2 (Popup, 3S)
Batting: LHB Juan Aranda 0-0: Ball
1-0: Fly out, F6 (Line Drive, 6M)
Bottom of the 3rd over - 0 run(s), 0 hit(s), 0 error(s), 1 left on base; Bethesda 0 - Minnesota 0
TOP OF THE 4TH
Bethesda Atoms batting - Pitching for Minnesota Loons : RHP Ramón Martínez
Batting: LHB Jorge Ortíz 0-0: Ball
1-0: Swinging Strike
1-1: Foul Ball, location: 2F
1-2: Strikes out swinging
Batting: RHB Enrique Ibarra 0-0: Foul Ball, location: 2F
0-1: Ball
1-1: Ball
2-1: Called Strike
2-2: Ground out 5-3 (Groundball, 56S)
Batting: LHB Pedro Corona 0-0: Called Strike
0-1: Foul Ball, location: 2F
0-2: Ball
1-2: DOUBLE (Flyball, 9LM)
Batting: RHB Raúl Javier Jr. 0-0: Called Strike
0-1: Ball
1-1: Ground out 4-3 (Groundball, 4)
Top of the 4th over - 0 run(s), 1 hit(s), 0 error(s), 1 left on base; Bethesda 0 - Minnesota 0
BOTTOM OF THE 4TH
Minnesota Loons batting - Pitching for Bethesda Atoms : LHP Mike Foltynewicz
Batting: SHB Lowell Moon 0-0: SINGLE (Line Drive, 6MD)
Batting: RHB Salvador Esparza 0-0: Ball
1-0: Called Strike
1-1: Ball
2-1: Called Strike
2-2: Ball
3-2: Strikes out swinging
Batting: RHB Isuru Tanaka 0-0: Called Strike
0-1: DOUBLE (Flyball, 8RXD)
Lowell Moon to third
Batting: RHB Jing-sheng Joo 0-0: Ball
1-0: Ball
2-0: Called Strike
2-1: Foul Ball, location: 2F
2-2: Strikes out swinging
Batting: RHB Jorge Arreola 0-0: Ball
Wild Pitch!
Lowell Moon scores
Isuru Tanaka to third
1-0: Swinging Strike
1-1: Foul Ball, location: 2F
1-2: Strikes out swinging
Bottom of the 4th over - 1 run(s), 2 hit(s), 0 error(s), 1 left on base; Bethesda 0 - Minnesota 1
TOP OF THE 5TH
Bethesda Atoms batting - Pitching for Minnesota Loons : RHP Ramón Martínez
Batting: LHB Diego Rosas 0-0: Called Strike
0-1: Ball
1-1: Foul Ball, location: 2F
1-2: Foul Ball, location: 2F
1-2: Strikes out swinging
Batting: RHB José Leyva 0-0: Called Strike
0-1: Ball
1-1: Called Strike
1-2: Ground out 6-3 (Groundball, 6)
Batting: LHB Dave Smerdon 0-0: Ball
1-0: Ground out 6-3 (Groundball, 6)
Top of the 5th over - 0 run(s), 0 hit(s), 0 error(s), 0 left on base; Bethesda 0 - Minnesota 1
BOTTOM OF THE 5TH
Minnesota Loons batting - Pitching for Bethesda Atoms : LHP Mike Foltynewicz
Batting: RHB Juan Martínez 0-0: Ball
1-0: Ball
2-0: Foul Ball, location: 2F
2-1: Fly out, F9 (Line Drive, 9)
Batting: RHB Randolph Descoteaux 0-0: Ball
1-0: Ball
2-0: Ball
3-0: Base on Balls
Batting: LHB Alfredo Arévalo 0-0: Called Strike
0-1: Foul Ball, location: 2F
0-2: Fielders Choice at 2nd, 4-6 (Groundball, 4)
Batting: LHB Juan Aranda 0-0: Ball
1-0: Ball
2-0: Ball
3-0: Called Strike
3-1: Called Strike
3-2: Foul Ball, location: 2F
3-2: Foul Ball, location: 2F
3-2: SINGLE (Groundball, 34) (infield hit)
Alfredo Arévalo to second
Batting: SHB Lowell Moon 0-0: Called Strike
0-1: Foul Ball, location: 2F
0-2: Ball
1-2: Strikes out swinging
Bottom of the 5th over - 0 run(s), 1 hit(s), 0 error(s), 2 left on base; Bethesda 0 - Minnesota 1
TOP OF THE 6TH
Bethesda Atoms batting - Pitching for Minnesota Loons : RHP Ramón Martínez
Batting: RHB Juan Camacho 0-0: Ball
1-0: Called Strike
1-1: Foul Ball, location: 2F
1-2: Foul Ball, location: 2F
1-2: Ball
2-2: Strikes out looking
Batting: RHB Marc Beck 0-0: Ball
1-0: Ball
2-0: Ball
3-0: Called Strike
3-1: Base on Balls
Batting: LHB Jorge Ortíz 0-0: Called Strike
0-1: Ball
1-1: Foul Ball, location: 2F
1-2: Ball
2-2: Foul Ball, location: 2F
2-2: Strikes out swinging
Marc Beck steals 2nd base
Batter strikes out.
Batting: RHB Enrique Ibarra 0-0: Fly out, F8 (Flyball, 8RM)
Top of the 6th over - 0 run(s), 0 hit(s), 0 error(s), 1 left on base; Bethesda 0 - Minnesota 1
BOTTOM OF THE 6TH
Minnesota Loons batting - Pitching for Bethesda Atoms : LHP Mike Foltynewicz
Batting: RHB Salvador Esparza 0-0: Swinging Strike
0-1: Ball
1-1: Foul Ball, location: 2F
1-2: Foul Ball, location: 2F
1-2: Ball
2-2: Foul Ball, location: 2F
2-2: Ground out 5-3 (Groundball, 56S)
Batting: RHB Isuru Tanaka 0-0: Called Strike
0-1: Ball
1-1: Ball
2-1: Called Strike
2-2: Ball
3-2: Foul Ball, location: 2F
3-2: Base on Balls
Batting: RHB Jing-sheng Joo 0-0: Ball
1-0: SINGLE (Line Drive, 7S)
Isuru Tanaka to second
Batting: RHB Jorge Arreola 0-0: DOUBLE (Flyball, 9LM)
Isuru Tanaka scores
Jing-sheng Joo to third
Runner from 3rd tries for Home, SAFE, no throw
Batting: RHB Juan Martínez 0-0: Intentional Walk
Pitching: RHP Martin Ortíz
Batting: RHB Randolph Descoteaux 0-0: Called Strike
0-1: Swinging Strike
0-2: Foul Ball, location: 2F
0-2: Ball
1-2: Foul Ball, location: 2F
1-2: Ball
2-2: Ball
3-2: Base on Balls
Jorge Arreola to third
Juan Martínez to second
Batting: LHB Alfredo Arévalo 0-0: Ball
1-0: Ball
2-0: Foul Ball, location: 2F
2-1: Grounds into double play, 4-2-3 (Groundball, 4)
Bottom of the 6th over - 2 run(s), 2 hit(s), 0 error(s), 2 left on base; Bethesda 0 - Minnesota 3
TOP OF THE 7TH
Bethesda Atoms batting - Pitching for Minnesota Loons : RHP Ramón Martínez
Batting: LHB Pedro Corona 0-0: Ball
1-0: Ball
2-0: Ball
3-0: Base on Balls
Batting: RHB Raúl Javier Jr. 0-0: Ball
1-0: Ball
2-0: Ball
3-0: Base on Balls
Pedro Corona to second
Batting: LHB Diego Rosas 0-0: Bunted foul
0-1: Ball
1-1: Bunted foul
1-2: Foul Ball, location: 2F
1-2: Reached on error, E4 (Groundball, 4)
Pedro Corona to third
Raúl Javier Jr. to second
Batting: RHB José Leyva 0-0: Grounds into double play, 5-4-3 (Groundball, 56)
Pedro Corona scores
Raúl Javier Jr. to third
Batting: LHB Dave Smerdon 0-0: Ball
1-0: Foul Ball, location: 2F
1-1: Ball
2-1: Ball
3-1: SINGLE (Groundball, 2L) (infield hit)
Raúl Javier Jr. scores
Pitching: RHP Bartolo Ruíz
Batting: RHB Juan Camacho 0-0: Ball
1-0: Swinging Strike
1-1: Fielders Choice at 2nd, 6-4 (Groundball, 6)
Top of the 7th over - 2 run(s), 1 hit(s), 1 error(s), 0 left on base; Bethesda 2 - Minnesota 3
BOTTOM OF THE 7TH
Minnesota Loons batting - Pitching for Bethesda Atoms : RHP Martin Ortíz
Batting: LHB Juan Aranda 0-0: Ball
1-0: Foul Ball, location: 2F
1-1: Swinging Strike
1-2: Ball
2-2: Ball
3-2: Base on Balls
Batting: SHB Lowell Moon 0-0: Ball
1-0: Called Strike
1-1: Ball
2-1: SINGLE (Line Drive, 34D)
Juan Aranda to second
Runner from 2nd tries for 3rd, SAFE, throw made to third
Batting: RHB Salvador Esparza 0-0: Foul Ball, location: 2F
0-1: Ball
1-1: Fly out, F9 (Flyball, 89M)
Runner from 3rd tags up, SCORES, no throw
Batting: RHB Isuru Tanaka 0-0: Called Strike
0-1: Ball
1-1: Ball
2-1: Called Strike
2-2: Ball
3-2: Strikes out swinging
Batting: RHB Jing-sheng Joo 0-0: Called Strike
0-1: Called Strike
0-2: Ball
1-2: Ball
2-2: Foul Ball, location: 2F
2-2: Ball
3-2: Foul Ball, location: 2F
3-2: 2-RUN HOME RUN (Flyball, 7LD), Distance : 325 ft
Pitching: RHP Luis Torrez
Batting: RHB Jorge Arreola 0-0: Swinging Strike
0-1: Swinging Strike
0-2: Ball
1-2: Ball
2-2: Ground out U3 (Groundball, 34)
Bottom of the 7th over - 3 run(s), 2 hit(s), 0 error(s), 0 left on base; Bethesda 2 - Minnesota 6
TOP OF THE 8TH
Bethesda Atoms batting - Pitching for Minnesota Loons : RHP Bartolo Ruíz
Batting: RHB Marc Beck 0-0: Called Strike
0-1: Foul Ball, location: 2F
0-2: Ball
1-2: Strikes out swinging
Batting: LHB Jorge Ortíz 0-0: Ball
1-0: Foul Ball, location: 2F
1-1: Foul Ball, location: 2F
1-2: SINGLE (Flyball, 7S)
Batting: RHB Enrique Ibarra 0-0: Ball
1-0: Called Strike
1-1: Swinging Strike
1-2: Ball
2-2: Ball
3-2: Base on Balls
Jorge Ortíz to second
Pitching: LHP Luis Domínguez
Batting: LHB Pedro Corona 0-0: Called Strike
0-1: Foul Ball, location: 2F
0-2: Ball
1-2: Strikes out swinging
Pitching: RHP José Marroquín
Batting: RHB Raúl Javier Jr. 0-0: Called Strike
0-1: Ball
1-1: Swinging Strike
1-2: Strikes out swinging
Top of the 8th over - 0 run(s), 1 hit(s), 0 error(s), 2 left on base; Bethesda 2 - Minnesota 6
BOTTOM OF THE 8TH
Minnesota Loons batting - Pitching for Bethesda Atoms : RHP Luis Torrez
Batting: RHB Juan Martínez 0-0: Called Strike
0-1: Ball
1-1: Foul Ball, location: 2F
1-2: Strikes out swinging
Batting: RHB Randolph Descoteaux 0-0: Ball
1-0: Ball
2-0: Ball
3-0: Base on Balls
Batting: LHB Alfredo Arévalo 0-0: Ball
1-0: Called Strike
1-1: Foul Ball, location: 2F
1-2: Ball
2-2: Ball
3-2: Foul Ball, location: 2F
3-2: Base on Balls
Randolph Descoteaux to second
Batting: LHB Juan Aranda 0-0: Ball
1-0: Swinging Strike
1-1: Foul Ball, location: 2F
1-2: Foul Ball, location: 2F
1-2: Ball
2-2: Foul Ball, location: 2F
2-2: Ball
3-2: Fly out, F7 (Line Drive, 7LS)
Batting: SHB Lowell Moon 0-0: Called Strike
0-1: Fielders Choice at 2nd, 4-6 (Groundball, 4)
Bottom of the 8th over - 0 run(s), 0 hit(s), 0 error(s), 1 left on base; Bethesda 2 - Minnesota 6
TOP OF THE 9TH
Bethesda Atoms batting - Pitching for Minnesota Loons : RHP José Marroquín
Batting: LHB Diego Rosas 0-0: Ground out 3-1 (Groundball, 34)
Batting: RHB José Leyva 0-0: Ball
1-0: Foul Ball, location: 2F
1-1: Foul Ball, location: 2F
1-2: Foul Ball, location: 2F
1-2: Ball
2-2: Ball
3-2: Foul Ball, location: 2F
3-2: SINGLE (Groundball, 56D)
Batting: LHB Dave Smerdon 0-0: Foul Ball, location: 2F
0-1: Swinging Strike
0-2: Ball
1-2: Strikes out swinging
Batting: RHB Juan Camacho 0-0: Foul Ball, location: 2F
0-1: Foul Ball, location: 2F
0-2: Ball
1-2: Strikes out swinging
Top of the 9th over - 0 run(s), 1 hit(s), 0 error(s), 1 left on base; Bethesda 2 - Minnesota 6
Saturday, May 26th, 2018 - OOTP Baseball 17.12 Build 75